 Dungeon Crawl Stone Soup version 0.28.0-1-gb440e238dd (webtiles) character file.

Game seed: 9918008573121438733

107 fknight the Shooter (level 5, 0/39 HPs)
             Began as a Human Hunter on Feb 20, 2022.
             Slain by Pargi (1 damage)
             ... in a sewer.
             The game lasted 00:18:54 (2843 turns).

fknight the Shooter (Human Hunter)                  Turns: 2843, Time: 00:18:55

Health: 0/39       AC:  8    Str: 13    XL:     5   Next: 10%
Magic:  5/5        EV:  6    Int: 11    God:
Gold:   64         SH:  0    Dex: 15    Spells: 4/4 levels left

rFire   + . .      SeeInvis .   j - +2 dagger (holy)
rCold   + . .      Faith    .   (no shield)
rNeg    . . .      Spirit   .   h - +0 chain mail
rPois   +          Reflect  .   (no helmet)
rElec   +          Harm     .   (no cloak)
rCorr   +          Rampage  .   (no gloves)
Will    .....                   (no boots)
Stlth   ..........              (no amulet)
HPRegen 0.13/turn               (no ring)
MPRegen 0.09/turn               (no ring)

@: mighty, resistant, invisible
A: no striking features
a: no special abilities


You were in a sewer.
You visited 1 branch of the dungeon, and saw 3 of its levels.
You also visited: Sewer.

You collected 64 gold pieces.

Inventory:

Hand Weapons
 a - a +1 shortbow
 e - a +2 dagger of venom
 j - a +2 dagger of holy wrath (weapon)
Missiles
 b - 49 bolts
 d - 32 arrows
 f - 26 stones (quivered)
 k - 3 poisoned darts
 q - 3 curare-tipped darts
Armour
 c - a +0 leather armour
 h - a +0 chain mail (worn)
Scrolls
 g - 2 scrolls of fog {unknown}
 m - a scroll of brand weapon {unknown}
 p - a scroll of blinking {unknown}
 r - 2 scrolls of fear {unknown}
Potions
 i - a potion of resistance


   Skills:
 + Level 2.6 Fighting
 + Level 1.0 Short Blades
 + Level 5.1 Bows
 + Level 0.1 Throwing
 + Level 1.1 Armour
 + Level 2.1 Dodging
 + Level 1.5 Stealth


You had 4 spell levels left.
You didn't know any spells.
Your spell library was empty.

Dungeon Overview and Level Annotations

Branches:
Dungeon (3/15)              Sewer (1/1)

Altars:
Cheibriados

Annotations:
Sewer Pargi


Message History

Pargi is severely wounded.
Pargi bites you! Pargi claws you but does no damage. x2
You closely miss Pargi.
Pargi is severely wounded.
Pargi bites you. Pargi claws you but does no damage.
Pargi completely misses you.
You barely miss Pargi.
Pargi is heavily wounded.
Pargi bites you. Pargi claws you. Pargi claws you but does no damage.
You hit Pargi.
Pargi is severely wounded.
Pargi bites you. Pargi claws you but does no damage. x2
You barely miss Pargi.
Pargi is severely wounded.
Pargi bites you.
* * * LOW HITPOINT WARNING * * *
Pargi claws you but does no damage. x2
You closely miss Pargi.
Pargi is heavily wounded.
Pargi bites you.
* * * LOW HITPOINT WARNING * * *
Pargi claws you.
* * * LOW HITPOINT WARNING * * *
Pargi claws you but does no damage.
It was a potion of resistance.
You feel protected. Pargi closely misses you.
Pargi claws you but does no damage. x2
Unknown command.
It was a potion of might.
You feel very mighty all of a sudden. Pargi bites you.
* * * LOW HITPOINT WARNING * * *
Pargi claws you but does no damage. Pargi claws you.
* * * LOW HITPOINT WARNING * * *
It was a potion of invisibility.
You fade into invisibility!
Pargi barely misses you. x2; Pargi claws you but does no damage.
Unknown command.
It was a potion of magic.
Magic courses through your body. Pargi bites you.
You die...

....... .....
..... .(. ...
####### #(#
##.....## #T#
#...≈...## #@#
...≈≈≈...#######.#
∩.≈≈≈≈≈..........#
..†≈≈≈...#######.#
#...≈...## #.#
##.....## #.#
####### #.# #.#
#.#


You could see Pargi.

Vanquished Creatures
  An adder (D:2)
  3 worms (D:2)
  3 dart slugs
  11 bats
  An endoplasm (D:2)
  4 giant cockroaches
  8 goblins
  5 hobgoblins
  11 jackals
  4 kobolds
  7 quokkas
  9 ball pythons
  3 frilled lizards
  6 rats
76 creatures vanquished.

Notes
Turn   | Place    | Note
-------+----------+-------------------------------------------
     0 | D:1      | fknight the Human Hunter began the quest for the Orb.
     0 | D:1      | Reached XP level 1. HP: 16/16 MP: 1/1
    92 | D:1      | Reached XP level 2. HP: 15/22 MP: 2/2
   635 | D:1      | Reached XP level 3. HP: 21/27 MP: 3/3
  1357 | D:2      | Reached XP level 4. HP: 34/34 MP: 4/4
  1608 | D:2      | Reached skill level 1 in Short Blades
  1706 | D:2      | Found a snail-covered altar of Cheibriados.
  2070 | D:2      | Reached skill level 5 in Bows
  2572 | D:3      | Found a faded altar of an unknown god.
  2607 | D:3      | Reached skill level 1 in Armour
  2728 | D:3      | Reached XP level 5. HP: 39/39 MP: 5/5
  2747 | D:3      | Found a glowing drain.
  2762 | Sewer    | Entered a sewer
  2824 | Sewer    | Noticed Pargi
  2841 | Sewer    | HP: 1/39 [Pargi (2)]
  2843 | Sewer    | Slain by Pargi

Illustrated notes

Levels and vault maps discovered:
D:1:      nicolae_arrival_memento_mori, layout_loops_cross, minmay_surrounded
D:2:      layout_basic, basic_altar, minmay_stone_trees_small
D:3:      layout_rooms, nicolae_ecumenical_pavilion, gup_sewer_entry_bubbles,
          st_stairs_2
Sewer:    sewer_big_baddie

Skill      XL: |  1  2  3  4 |
---------------+-------------+-----
Short Blades   | 1 |  1.0
Bows           | 5 |  5.1
Armour         | 1 |  1.1
Fighting       | |  2.6
Throwing       | |  0.1
Dodging        | |  2.1
Stealth        | |  1.5

Action                   |  1- 3 |  4- 6 || total
-------------------------+-------+-------++-------
Melee: Short sword       |     6 |       ||     6
       Dagger            |    49 |    63 ||   112
       Punch             |       |     2 ||     2
 Fire: Shortbow          |    52 |    80 ||   132
Throw: Stone             |     1 |     1 ||     2
  Use: Potion            |       |     4 ||     4
Armor: Leather armour    |    11 |       ||    11
       Chain mail        |    46 |    50 ||    96
Dodge: Dodged            |    31 |    31 ||    62
